 Dungeon Crawl Stone Soup version 0.30.0-5-g1a98f26d00 (webtiles) character file.

Game seed: 17028031459867221354

406 Chodeload the Stinger (level 6, -1/36 HPs)
             Began as an Octopode Venom Mage on May 9, 2023.
             Slain by Pikel
             ... wielding a +1 whip of flaming
              (2 damage)
             ... on level 4 of the Dungeon.
             The game lasted 00:20:11 (3500 turns).

Chodeload the Stinger (Octopode Venom Mage)         Turns: 3500, Time: 00:20:11

Health: -1/36      AC:  1    Str:  7    XL:     6   Next: 87%
Magic:  0/10       EV: 18    Int: 20    God:
Gold:   200        SH:  0    Dex: 12    Spells: 3/11 levels left

rFire   . . .        b - +5 mace (protect)
rCold   . . .        (no shield)
rNeg    . . .        (helmet restricted)
rPois   +            (no amulet)
rElec   .            c - ring of poison resistance
rCorr   .            x - +5 ring of evasion
SInv    .            (no ring)
Will    .....        (no ring)
Stlth   ++++         (no ring)
HPRegen 0.26/turn    (no ring)
MPRegen 0.12/turn    (no ring)
                     (no ring)

%: no passive effects
@: no status effects
A: almost no armour, amphibious, 8 rings, camouflage 1, gelatinous body 1,
(nimble swimmer 1), tentacles
a: no special abilities


You were on level 4 of the Dungeon.
You visited 1 branch of the dungeon, and saw 5 of its levels.
You also visited: Sewer.

You collected 280 gold pieces.
You spent 80 gold pieces at shops.

Inventory:

Hand Weapons
 a - a +0 dagger of venom
 b - a +5 mace of protection (weapon)
 y - a +4 long sword of draining
Missiles
 d - 5 boomerangs of dispersal
 t - 27 poisoned darts (quivered)
Magical Staves
 l - a staff of earth
Jewellery
 c - a ring of poison resistance (left tentacle)
 x - a +5 ring of evasion (right tentacle)
Wands
 p - a wand of iceblast (9)
 u - a wand of flame (8)
Scrolls
 f - 3 scrolls of teleportation
 i - a scroll of fear
 j - 3 scrolls of blinking {unknown}
 k - a scroll of torment {unknown}
 n - a scroll of brand weapon {unknown}
 q - a scroll of fog
 v - a scroll of vulnerability {unknown}
Potions
 e - a potion of resistance {unknown}
 g - a potion of attraction
 h - 4 potions of flight
 m - a potion of ambrosia {unknown}
 o - a potion of magic
 r - 3 potions of curing {unknown}
 s - a potion of brilliance {unknown}
 w - a potion of degeneration {unknown}
 z - 3 potions of heal wounds {unknown}
 A - 2 potions of haste {unknown}
 B - a potion of cancellation {unknown}
 C - a potion of invisibility {unknown}
 D - 2 potions of mutation {unknown}


   Skills:
 - Level 2.0 Dodging
 - Level 5.3 Stealth
 - Level 3.0 Spellcasting
 - Level 2.0 Conjurations
 - Level 1.0 Transmutations
 + Level 1.5 Fire Magic
 - Level 2.0 Air Magic
 - Level 6.0 Poison Magic


You had 3 spell levels left.
You knew the following spells:

 Your Spells              Type           Power      Damage    Failure   Level
a - Sting                 Tmut/Pois      68%        1d6       3%          1
b - Poisonous Vapours     Pois/Air       38%        N/A       4%          2
c - Mephitic Cloud        Conj/Pois/Air  16%        N/A       11%         3
d - Scorch                Fire           18%        2d5       12%         2

Your spell library contained the following spells:

 Spells                   Type           Power      Damage    Failure   Level
 Olgreb's Toxic Radiance  Pois           27%        N/A       12%         4
 Flame Wave               Conj/Fire      10%        2d6       56%         4
 Summon Cactus Giant      Summ           1%         N/A       100%        6


Dungeon Overview and Level Annotations

Branches:
Dungeon (5/15)              Sewer (visited)
 Temple: D:4-7

Altars:
Hepliaklqana
The Shining One

Shops:
D:3 ?

Annotations:
D:3 exclusion: downstairs
D:4 exclusion: downstairs, Pikel


Innate Abilities, Weirdness & Mutations

You cannot wear most types of armour.
You are amphibious.
You can wear up to eight rings at the same time.
Your skin changes colour to match your surroundings (Stealth+).
Your rubbery body absorbs attacks. (AC +1, EV +1)
((You are camouflaged when in or above water. (Stealth+)))
You have tentacles for arms and can constrict up to eight enemies at once.


Message History

Pikel hits you with a +1 whip of flaming.
Pikel burns you. The lemure hits you. Pikel attacks as you move away!
Pikel hits you with a +1 whip of flaming!
Pikel burns you. The lemure hits you.
* * * LOW HITPOINT WARNING * * *
As you read the scroll of fear, it crumbles to dust.
You assume a fearsome visage.
Pikel looks frightened!
The lemure looks frightened! x4; The adder looks frightened!
The jackal looks frightened!
The kobold looks frightened!
The kobold cowers, then darts away.
Casting: Poisonous Vapours (safe; 4% risk of failure)
Confirm with . or Enter, or press ? or * to list all spells.
Aiming: Poisonous Vapours (safe; 4% risk of failure)
Press: ? - help, Dir - move target, f/p - Pikel
Aim: Pikel, wielding a +1 whip of flaming and wearing a +0 robe (lightly wounded, fleeing, poisoned) Poisonous vapours surround Pikel!
Pikel looks even sicker.
Your attack snaps Pikel out of his fear.
The lemure looks more healthy.
A water moccasin comes into view.
Unknown command.
Your magical contamination has completely faded away.
Casting: Poisonous Vapours (safe; 4% risk of failure)
Confirm with . or Enter, or press ? or * to list all spells.
You don't have enough magic to cast this spell.
Unknown command.
Casting: Poisonous Vapours (safe; 4% risk of failure)
Confirm with . or Enter, or press ? or * to list all spells.
Aiming: Sting (safe; 3% risk of failure)
Press: ? - help, Shift-Dir - straight line, f/p - Pikel
Aim: Pikel, wielding a +1 whip of flaming and wearing a +0 robe (heavily wounded, very poisoned, 67% to hit)
The sting hits Pikel.
Pikel looks even sicker.
Pikel is heavily wounded.
Pikel closely misses you.
You closely miss Pikel. Your grab misses Pikel. Your squeeze misses Pikel.
Pikel is heavily wounded.
Pikel hits you with a +1 whip of flaming!
* * * LOW HITPOINT WARNING * * *
Pikel burns you.
You die...

..# ##.......##............. ...#
##......###########.#####
.!..#####.......#...............#
........5.........###....##.#.###
......Sh.......[#..##....##.#....
.............†...........'.......
..............[##........##......
......(....S...##<##.....+.....##
.........#####.K@.###....#.....##
.........#≈.≈#....# #....#.....##
.........#§§.#.#### #....##....##
.........#.§§#.# #....##....##
S...h....#≈§≈#.# #....##....##
.........#≈§§#)# #######....##
...h.....#§§≈#.# #....##
.........#...#.# ###+###
.........#...#.# #.# #


You could see Pikel (very poisoned) and a water moccasin.

Vanquished Creatures
  An ogre (D:5)
  A kobold brigand (Sewer)
  Blork the orc (D:4)
  Terence (D:2)
  5 adders
  3 gnolls (D:3)
  A white imp (D:5)
  2 worms
  A dart slug (D:2)
  5 orcs
  5 endoplasms
  4 giant cockroaches
  2 goblins (D:1)
  8 jackals
  5 quokkas
  9 ball pythons
  5 bats
  2 frilled lizards
  14 kobolds
  10 rats
85 creatures vanquished.

Notes
Turn   | Place    | Note
-------+----------+-------------------------------------------
     0 | D:1      | Chodeload the Octopode Venom Mage began the quest for the
                  | Orb.
     0 | D:1      | Reached XP level 1. HP: 11/11 MP: 3/3
    24 | D:1      | Found a faded altar of an unknown god.
   280 | D:1      | Reached XP level 2. HP: 8/17 MP: 0/5
   283 | D:1      | Learned a level 2 spell: Poisonous Vapours
   729 | D:2      | Reached skill level 1 in Air Magic
   740 | D:2      | Reached skill level 4 in Poison Magic
   740 | D:2      | Reached XP level 3. HP: 14/21 MP: 2/6
  1002 | D:2      | Learned a level 3 spell: Mephitic Cloud
  1528 | D:2      | Noticed Terence
  1542 | D:2      | HP: 1/21 [Terence/+5 mace of protection (11)]
  1546 | D:2      | Killed Terence
  1547 | D:2      | Reached XP level 4. HP: 3/27 MP: 0/7
  1887 | D:3      | Found Uziokliu's Magic Scroll Boutique.
  1895 | D:3      | Bought a scroll of fog for 40 gold pieces
  1895 | D:3      | Bought a scroll of fear for 40 gold pieces
  2248 | D:3      | Found a glowing golden altar of the Shining One.
  2479 | D:4      | Reached XP level 5. HP: 31/31 MP: 9/9
  2515 | D:5      | Entered Level 5 of the Dungeon
  2518 | D:5      | Noticed an ogre
  2519 | D:5      | Noticed a wyvern
  2650 | D:5      | Noticed an ice beast
  2792 | D:5      | Killed an ogre
  2793 | D:5      | Reached skill level 1 in Conjurations
  2793 | D:5      | Reached skill level 5 in Poison Magic
  2810 | D:5      | Found a glowing drain.
  2822 | Sewer    | Entered a sewer
  2893 | Sewer    | Reached XP level 6. HP: 28/36 MP: 10/10
  3067 | Sewer    | Reached skill level 5 in Stealth
  3265 | D:4      | Learned a level 2 spell: Scorch
  3311 | D:4      | Found a hazy altar of Hepliaklqana.
  3382 | D:4      | Noticed Pikel
  3451 | D:4      | Noticed Blork the orc
  3460 | D:4      | Killed Blork the orc
  3461 | D:4      | Reached skill level 1 in Fire Magic
  3461 | D:4      | Reached skill level 6 in Poison Magic
  3495 | D:4      | Noticed a water moccasin
  3500 | D:4      | HP: 1/36 [Pikel/+1 whip of flaming (11)]
  3500 | D:4      | Slain by Pikel

Illustrated notes

Levels and vault maps discovered:
D:1:      dpeg_arrival_rooms_b, layout_loops_ring,
          shapermc_ecumenical_altar_venn, chequers_arboretum
D:2:      layout_basic, chequers_serial_rivers_small_b, skrybe_limestone_x,
          chequers_serial_rivers_room_a, uniq_terence
D:3:      layout_loops_ring, lemuel_round_altar, serial_shops,
          nicolae_shop_advertising_works [nicolae_subvault_shop_adworks],
          kennysheep_generic_room_6
D:4:      layout_basic, lemuel_round_altar, pf_just_have_faith, serial_shops,
          nicolae_shop_scrapyard, uniq_pikel, uniq_blork_the_orc
D:5:      layout_rooms, portal_sewer_entry_b

Skill      XL: |  1  2  3  4  5  6 |
---------------+-------------------+-----
Stealth        | 3 4 5 |  5.3
Air Magic      | 1 2 |  2.0
Poison Magic   | 4 5 6 |  6.0
Spellcasting   | 3 |  3.0
Conjurations   | 1 2 |  2.0
Fire Magic     | 1 |  1.5
Dodging        | |  2.0
Transmutations | |  1.0

Action                     |  1- 3 |  4- 6 || total
---------------------------+-------+-------++-------
  Melee: Dagger            |    28 |   113 ||   141
         Club              |     2 |       ||     2
         Constrict         |     7 |    36 ||    43
         Tentacles         |     5 |    24 ||    29
         Unarmed           |     1 |       ||     1
         Punch             |       |     2 ||     2
         Mace              |       |     9 ||     9
  Throw: Dart              |       |    11 ||    11
   Cast: Sting             |    14 |     3 ||    17
         Poisonous Vapours |    10 |    28 ||    38
  Evoke: Wand              |       |     4 ||     4
    Use: Scroll            |     3 |     4 ||     7
   Stab: Sleeping          |     9 |    11 ||    20
 Armour: Skin              |     2 |     5 ||     7
  Dodge: Dodged            |    21 |    86 ||   107
